 Dungeon Crawl Stone Soup version 0.27-a0-1308-gc08437e49b (webtiles) character file.

Game seed: 2393284280874824282

93 mordus the Slasher (level 4, -4/35 HPs)
             Began as a Formicid Abyssal Knight on June 18, 2021.
             Was a Believer of Lugonu.
             Killed from afar by Ijyb (9 damage)
             ... with a bolt of acid
             ... on level 3 of the Dungeon.
             The game lasted 00:02:39 (2355 turns).

mordus the Slasher (Formicid Abyssal Knight)        Turns: 2355, Time: 00:02:40

Health: -4/35      AC:  6    Str: 18    XL:     4   Next: 91%
Magic:  6/6        EV: 10    Int: 11    God:    Lugonu [**....]
Gold:   80         SH:  0    Dex: 10    Spells: 3/3 levels left

rFire    . . .     SeeInvis +   a - +1 falchion
rCold    . . .     Faith    .   (no shield)
rNeg     . . .     Spirit   .   h - +0 ring mail
rPois    .         Reflect  .   (helmet unavailable)
rElec    .         Harm     .   d - +0 cloak
rCorr    +         Rampage  .   (no gloves)
Will     .....                  (no boots)
Stlth    +.........             (no amulet)
HPRegen  0.11/turn              j - ring of resist corrosion
MPRegen  0.10/turn              l - ring of flight

@: flying
A: permanent stasis, dig shafts and tunnels, antennae 3, four strong arms
a: Dig, Shaft Self, Renounce Religion, Depart the Abyss, Bend Space


You were on level 3 of the Dungeon.
You worshipped Lugonu.
Lugonu was pleased with you.
You visited 1 branch of the dungeon, and saw 3 of its levels.
You visited the Abyss 1 time.

You collected 80 gold pieces.

Inventory:

Hand Weapons
 a - a +1 falchion (weapon)
Armour
 b - a +0 leather armour
 d - a +0 cloak (worn)
 h - a +0 ring mail (worn)
Jewellery
 j - a ring of resist corrosion (left hand)
 l - a ring of flight (right hand)
 m - a ring of ice
Scrolls
 c - 2 scrolls of teleportation {unknown}
 e - a scroll of acquirement {unknown}
 f - a scroll of identify {unknown}
 i - 2 scrolls of fear
 k - a scroll of amnesia {unknown}
Potions
 g - 2 potions of haste
 n - a potion of curing {unknown}


   Skills:
 - Level 3.2 Fighting
 * Level 4.0 Long Blades
 + Level 2.9 Armour
 - Level 0.8 Dodging
 + Level 0.2 Stealth
 + Level 2.8 Invocations


You had 3 spell levels left.
You didn't know any spells.
Your spell library was empty.

Dungeon Overview and Level Annotations

Branches:
Dungeon (3/15)

Altars:
Kikubaaqudgha

Shops:
D:2 !

Annotations:
D:3 Ijyb


Innate Abilities, Weirdness & Mutations

You cannot be hasted, slowed, berserked, paralysed or teleported.
You can dig through walls and to a lower floor.
You have a pair of large antennae on your head. (SInv)
Your four strong arms can wield two-handed weapons with a shield.


Message History

Ijyb the Twisted Goblin comes into view.
She is wielding a +0 dagger and carrying a wand of acid (8).
Ijyb shouts!
Found a hunting sling.
Ijyb screams, "Me very upset!"
Ijyb hits you with a +0 dagger.
Ijyb is nearby!
You barely miss Ijyb. Ijyb barely misses you.
You riposte.
You closely miss Ijyb.
A quokka comes into view.
There are monsters nearby!
You hit Ijyb.
Ijyb is lightly wounded.
Ijyb hits you but does no damage.
You slash Ijyb!
Ijyb is moderately wounded.
Ijyb hits you with a +0 dagger. x2
Ijyb is nearby!
You barely miss Ijyb.
Ijyb is moderately wounded.
Ijyb barely misses you.
You barely miss Ijyb.
Ijyb is moderately wounded.
Ijyb screams, "I no like you!" Ijyb hits you but does no damage.
You barely miss Ijyb.
Ijyb is moderately wounded.
Ijyb zaps a wand.
The bolt of acid hits you. You resist.
You are splashed with acid!
You resist.
You closely miss Ijyb.
Ijyb is moderately wounded.
Ijyb hits you with a +0 dagger.
* * * LOW HITPOINT WARNING * * *
You hit Ijyb.
Ijyb is heavily wounded.
Ijyb hits you with a +0 dagger.
* * * LOW HITPOINT WARNING * * *
Space bends around you!
You blink.
The quokka twitches its whiskers.
Ijyb zaps a wand.
The bolt of acid hits you! You resist.
You die...

### #.#######
......#.......#
.......#.#####.#
.......#.# #.# ...
...#.# #.# ...
..#.#####.######
..#+#.#.....#......#
#r#.#.#####.#..@...#
#.#......rg.....<......
#...#.#####.#......####
###.#.# #.#......#
.....#.#####.#.#######
######................
{..>..............
..#.....#.#######
###.#####.#


You could see Ijyb and a quokka.

Vanquished Creatures
  Crazy Yiuf (D:2)
  2 adders
  A dart slug (D:1)
  A bat (D:1)
  4 endoplasms
  3 giant cockroaches
  2 hobgoblins (D:2)
  2 jackals (D:1)
  3 quokkas
  4 ball pythons
  2 frilled lizards
  8 goblins
  2 kobolds
  2 rats
37 creatures vanquished.

Notes
Turn   | Place    | Note
-------+----------+-------------------------------------------
     0 | Abyss:1  | mordus the Formicid Abyssal Knight began the quest for the
                  | Orb.
     0 | Abyss:1  | Reached XP level 1. HP: 18/18 MP: 2/2
    59 | Abyss:1  | Noticed an unseen horror
    61 | D:1      | Escaped the Abyss
   141 | D:1      | Reached XP level 2. HP: 24/24 MP: 3/3
   420 | D:1      | Found a faded altar of an unknown god.
   597 | D:1      | Reached XP level 3. HP: 24/29 MP: 4/4
   864 | D:1      | Reached skill level 3 in Long Blades
  1004 | D:2      | Found an ancient bone altar of Kikubaaqudgha.
  1102 | D:2      | Found a runed translucent door.
  1103 | D:2      | Noticed Crazy Yiuf
  1113 | D:2      | Killed Crazy Yiuf
  1114 | D:2      | Reached XP level 4. HP: 14/35 MP: 2/6
  1546 | D:2      | Reached ** piety under Lugonu
  1763 | D:2      | Found Fayn Pid's Distillery.
  2135 | D:3      | Reached skill level 4 in Long Blades
  2336 | D:3      | Noticed Ijyb
  2355 | D:3      | Killed from afar by Ijyb

Illustrated notes

Levels and vault maps discovered:
D:1:      dpeg_arrival_another_circle, layout_rooms,
          shapermc_ecumenical_altar_mp_highgroup
D:2:      layout_loops_ring, serial_shops, nicolae_shop_window_shopping,
          serial_co_window_serial, co_window_corner_a, co_window_corner_a,
          co_window_paths_a, co_window_paths_a, co_window_of_opportunity_a,
          co_window_corner_b, co_window_cross_3, co_window_unsneaky_path_d,
          co_window_2corner, glass_columns_a, glass_columns_a, basic_altar,
          uniq_crazy_yiuf_cottage
D:3:      layout_basic, uniq_ijyb, uniq_robin

Skill      XL: |  1  2  3  4 |
---------------+-------------+-----
Long Blades    | 3 4 |  4.0
Fighting       | |  3.2
Armour         | |  2.9
Dodging        | |  0.8
Stealth        | |  0.2
Invocations    | |  2.8

Action                   |  1- 3 |  4- 6 || total
-------------------------+-------+-------++-------
Melee: Falchion          |    63 |    49 ||   112
Invok: Bend Space        |       |     1 ||     1
  Use: Scroll            |     1 |       ||     1
       Potion            |     3 |       ||     3
Armor: Leather armour    |    30 |       ||    30
       Ring mail         |       |    13 ||    13
Dodge: Dodged            |    35 |    22 ||    57
       Rpst.: Falchion   |    13 |     8 ||    21

Table legend: (Time is in decaauts)
 A = Elapsed time spent in this place.
 B = Non-inter-level travel time spent in this place.
 C = Inter-level travel time spent in this place.
 D = Time resting spent in this place.
 E = Time spent auto-exploring this place.
 F = Levels seen in this place.
 G = Mean time per level.
                   A        B        C        D        E       F      G
               +--------+--------+--------+--------+--------+-----+--------+
         Total |   2369 |   2267 |    102 |    281 |   1679 |   4 |  592.2 |
       Dungeon |   2308 |   2206 |    102 |    281 |   1621 |   3 |  769.3 |
         Abyss |     61 |     61 |      0 |      0 |     58 |   1 |   61.0 |
               +--------+--------+--------+--------+--------+-----+--------+

Top non-repeatable levels by time:
     D:2: 1127 daAuts
     D:1: 953 daAuts
     D:3: 228 daAuts
 Abyss:1: 61 daAuts
